 Dungeon Crawl Stone Soup version 0.18.1-6-gd335043 (webtiles) character file.

30 striepan the Slasher (level 3, 9/30 HPs)
             Began as a Minotaur Gladiator on May 15, 2016.
             Quit the game on level 2 of the Dungeon.
             The game lasted 00:05:14 (1265 turns).

striepan the Slasher (Minotaur Gladiator)           Turns: 1265, Time: 00:05:15

Health: 9/30       AC:  3    Str: 19    XL:     3   Next: 5%
Magic:  2/2        EV: 13    Int:  5    God:
Gold:   63         SH:  0    Dex: 11    Spells: 0 memorised, 2 levels left

rFire  . . .     SeeInvis .     a - +0 long sword
rCold  . . .     Gourm    .     b - +0 leather armour
rNeg   . . .     Faith    .     (no shield)
rPois  .         Spirit   .     c - +0 hat
rElec  .         Dismiss  .     (no cloak)
rCorr  .         Reflect  .     (no gloves)
SustAt .         Harm     .     (no boots)
MR     .....                    (no amulet)
Stlth  +.........               (no ring)
                                (no ring)

@: not resistant to hostile enchantments, very unstealthy
A: retaliatory headbutt, horns 2
a: no special abilities


You were on level 2 of the Dungeon.
You were not hungry.

You visited 1 branch of the dungeon, and saw 2 of its levels.

You collected 63 gold pieces.

Inventory:

Hand Weapons
 a - a +0 long sword (weapon)
 e - a +3 dagger of venom
 g - a +0 dagger of venom
Missiles
 d - 3 throwing nets (quivered)
Armour
 b - a +0 leather armour (worn)
 c - a +0 hat (worn)
Scrolls
 i - a scroll of identify {unknown}
 j - 2 scrolls of remove curse {unknown}
 k - a scroll of enchant weapon {unknown}
 m - a scroll of fear {unknown}
Potions
 l - a potion of heal wounds {unknown}
Comestibles
 f - 3 bread rations
 h - a beef jerky
 n - a chunk of flesh
 o - a meat ration


   Skills:
 + Level 2.4 Fighting
 * Level 4.3 Long Blades
 + Level 2.0 Throwing
 + Level 0.5 Armour
 + Level 3.9 Dodging
 + Level 0.1 Stealth


You had 2 spell levels left.
You didn't know any spells.

Dungeon Overview and Level Annotations

Branches:
Dungeon (2/15)

Altars:
Ashenzari
Fedhas
Qazlal
Ru
The Shining One


Innate Abilities, Weirdness & Mutations

You reflexively headbutt those who attack you in melee.
You have a pair of horns on your head.


Message History

You slash the rat!
You kill the rat!
You barely miss the worm. Your headbutt misses the worm.
The worm closely misses you. You furiously retaliate!
You headbutt the worm. You slash the worm! You headbutt the worm.
The worm is almost dead.
The worm bites you!
You hit the worm but do no damage.
The worm is almost dead.
You hit the worm but do no damage.
The worm is almost dead.
The worm bites you!
You slash the worm!
You kill the worm!
You have reached level 3!
Your experience leads to an increase in your attributes!
Increase (S)trength, (I)ntelligence, or (D)exterity?
You feel agile.
Unknown command.
Are you sure you want to abandon this character and quit the game? (Confirm with "yes".)

###########
##.........#
#...######.#
#....
#...#...†@.#
#....
###...#.=.†..#
##....
#....##........
..g..
#....##......###
.. #...
#....##......##
...#...
#....####.##...
.......
#....##....#..
.......
#....##.....#....
.......
####....##.....#
... .......


There were no monsters in sight!

Vanquished Creatures
  A worm (D:2)
  A dart slug (D:1)
  A giant gecko (D:1)
  2 bats (D:1)
  2 giant cockroaches (D:1)
  2 goblins (D:1)
  5 hobgoblins
  2 jackals (D:1)
  A giant newt (D:2)
  5 rats
22 creatures vanquished.

Notes
Turn   | Place    | Note
--------------------------------------------------------------
     0 | D:1      | striepan the Minotaur Gladiator began the quest for the Orb.
     0 | D:1      | Reached XP level 1. HP: 18/18 MP: 0/0
   409 | D:1      | Reached XP level 2. HP: 25/25 MP: 1/1
   575 | D:1      | Reached skill level 4 in Long Blades
  1071 | D:2      | Found a shattered altar of Ashenzari.
  1078 | D:2      | Found a glowing golden altar of the Shining One.
  1078 | D:2      | Found a blossoming altar of Fedhas.
  1080 | D:2      | Found a stormy altar of Qazlal.
  1085 | D:2      | Found a sacrificial altar of Ru.
  1264 | D:2      | Reached XP level 3. HP: 9/30 MP: 2/2
  1265 | D:2      | Quit the game

Skill      XL: |  1  2 |
---------------+-------+-----
Long Blades    | 4 |  4.3
Fighting       | |  2.4
Throwing       | |  2.0
Armour         | |  0.5
Dodging        | |  3.9
Stealth        | |  0.1

Action                   || total
-------------------------++-------
Melee: Long sword        ||    50
       Headbutt          ||     4
  Eat: Chunk             ||     1
Armor: Leather armour    ||    12
Dodge: Dodged            ||    38
